 BcadrenCrawl: Boulder Brew version 0.05.21-81-gd28e3044bd (webtiles) character file.

Game seed: 15415002238887562260, levelgen mode: deterministic

2492 theanonym the Cleaver (level 9, -3/77 HPs) Minotaur Noble. Began on Sept 5, 2021. Was an Initiate of Makhleb. Splashed by a jelly's acid (9 damage) ... on level 5 of the Dungeon. The game lasted 00:12:43 (3864 turns).

theanonym the Cleaver (Minotaur Noble)              Turns: 3864, Time: 00:12:44

Health: -3/77      AC: 12    Str: 27    XL:     9 ^: 1967
Magic:  13/13      EV:  9    Int:  7    God:    Makhleb [0* [29]]
Gold:   299        SH:  0    Dex:  8    Spells: 15/15 levels left

rFire    . . .     Vision   .   a - +0 broad axe
rCold    . . .     Gourm    .   i - +4 war axe "Spider's Nightmare" {molten, Str+3}
rNeg     . . .     Faith    .   d - +0 plate armour {rPois}
rCorr    . . .     Spirit   .   (helmet restricted)
rPois    +         Reflect  .   (no cloak)
rElec    .         Harm     .   (no gloves)
MR       .....                  (no boots)
Stlth    ..........             c - amulet of regeneration
HPRegen  0.75/turn              (no ring)
MPRegen  0.23/turn              (no ring)

@: hasted, heavily drained, very quick
A: horns, retaliatory headbutt 2
a: Renounce Religion


Innate Abilities, Weirdness & Mutations

You reflexively attack those that strike you in melee with your horns.


   Skills:
 + Level 6.3(5.1) Fighting
 * Level 8.7(7.4) Axes & Hammers
 + Level 5.6(4.4) Armour
 + Level 4.5(3.3) Stealth
 + Level 3.5(2.4) Spellcasting


You had 15 spell levels left.
You didn't know any spells.
Your spell library contained the following spells:

 Spells                   Type           Power        Failure   Level  Hunger
 Magic Candle Hex/Fire 0 (90) 77% 1 23-43 Ensorcelled Hibernation Hex/Ice 0 (50) 88% 2 63-103 Blinding Spray Hex/Pois 0 (50) 98% 3 103-163 Confuse Hex 0 (100) 98% 3 103-163 Tukima's Dance Hex 0 (100) 98% 3 103-163 Fulminant Prism Hex 0 (200) 100% 4 183-283 Silence Hex/Air 0 (200) 100% 5 303-463 Borgnjor's Vile Clutch Necr/Erth 0 (200) 100% 6 423-643 Darkness Hex 0 (200) 100% 6 423-643 Shadow Creatures Summ N/A 100% 6 423-643 Infestation Tmut/Pois      0 (200)      100%        7    543-823

Skill      XL: |  1  2  3  4  5  6  7  8  9 |
---------------+----------------------------+-----
Axes & Hammers | 1 2 3 4 5 6 8 |  8.7
Stealth        | 1 2 3 4 |  4.5
Fighting       | 2 3 4 5 6 |  6.3
Armour         | 1 2 3 5 |  5.6
Spellcasting   | 2 3 |  3.5

Action                   |  1- 3 |  4- 6 |  7- 9 || total
-------------------------+-------+-------+-------++-------
Melee: Broad axe         |    42 |   107 |   155 ||   304
       War axe           |    35 |    89 |   136 ||   260
       Headbutt          |       |     9 |    20 ||    29
  Use: Potion            |       |     1 |     2 ||     3
  Eat: Chunk             |       |     2 |     6 ||     8
       Ration            |       |       |     1 ||     1
Armor: Plate armour      |    33 |   142 |   151 ||   326
Dodge: Dodged            |    25 |   104 |   123 ||   252

Inventory:

Weapons
 a - a +0 broad axe (weapon)
 i - the +4 war axe "Spider's Nightmare" (weapon) {molten, Str+3} Its malleable surface is completely molten, allowing it to meld around and partially ignore armour. Causes less base damage than a standard weapon; but partially ignores enemy's defense and burns causing additional damage to those that don't resist heat. Big, molten blades are also staple armaments of hydra-hunters. It affects your strength (+3).
Armour
 d - a +0 plate armour of poison resistance (worn)
Jewellery
 c - an amulet of regeneration (around neck)
 r - a cursed ring of poison resistance {(Curse: *Drain)}
Wands
 f - a wand of hasting (6)
 j - a wand of iceblast (1)
 l - a wand of polymorph (9)
 v - a wand of acid (9)
 w - a wand of flame (13)
Scrolls
 m - 2 scrolls of enchantment
 n - a scroll of immolation
 t - 6 scrolls of teleportation
 B - a scroll of blinking
Potions
 b - 2 potions of mutation
 g - a potion of resistance {rF+ rC+}
 h - a potion of haste
 k - a potion of amnesia
 p - 2 potions of curing
 q - a potion of heal wounds
Comestibles
 e - 8 rations
 o - 8 chunks of flesh


You were on level 5 of the Dungeon.
You worshipped Makhleb.
Makhleb was noncommittal.
You were not hungry.

You visited 2 branches of the dungeon, and saw 6 of its levels.
You also visited: Market.

You collected 271 gold pieces.
You spent 972 gold pieces at shops.

Dungeon Overview and Level Annotations

Branches:
Dungeon (5/8)              Temple (1/1) D:4
   Lair: D:5

Altars:
Ashenzari
Cheibriados
Dithmenos
Elyvilon
Fedhas Madash
Gozag Ym Sagoz
Hepliaklqana
Makhleb
Qazlal
Ru
Sif Muna
Trog
Uskayaw
Vehumet
Wu Jian
Xom
Yredelemnul
The Shining One

...≈≈≈≈
###...≈≈≈≈
..#...≈h≈Z
#####.#..≈;.z≈
#...#.#..y.≈≈≈
#.#.#.#J.≈≈.≈≈
#.#.Jh#)haZ≈≈≈
#.#@#h'zZZZ≈..
#...#.#hh.≈...
###.####oZ.....
###...#########..
#).......# .
#........#
#........#
#........#
#........#


You could see a hound and a jelly.

Notes
Turn   | Place    | Note
-------+----------+-------------------------------------------
     0 | Start Ma | theanonym the Minotaur Noble began the quest for the Orb.
     0 | Start Ma | Reached XP level 1. HP: 16/16 MP: 1/1
     0 | Start Ma | Found Jysour's Mashing MeleeMart.
     0 | Start Ma | Found Ydaubb's Auxillary Armour.
    16 | Start Ma | Found Kytsorph's Expert Tomes.
    46 | Start Ma | Bought a +0 broad axe for 160 gold pieces
    46 | Start Ma | Bought a +0 war axe for 140 gold pieces
    49 | Start Ma | Bought a +0 plate armour of poison resistance for 324 gold
                  | pieces
    64 | Start Ma | Bought an uncursed amulet of regeneration for 300 gold
                  | pieces
    69 | Start Ma | Bought a scroll of teleportation for 48 gold pieces
    75 | D:1      | theanonym set off with the following items: a +0 broad axe,
                  | a +0 war axe, an amulet of regeneration, a +0 plate armour
                  | of poison resistance, a ration, a scroll of teleportation
   118 | D:1      | Reached skill level 1 in Axes & Hammers
   118 | D:1      | Reached skill level 1 in Stealth
   118 | D:1      | Reached XP level 2. HP: 23/24 MP: 2/2
   174 | D:1      | Reached skill level 2 in Axes & Hammers
   174 | D:1      | Reached XP level 3. HP: 29/29 MP: 3/3
   199 | D:1      | Reached skill level 2 in Fighting
   252 | D:1      | Reached skill level 1 in Armour
   292 | D:1      | Reached XP level 4. HP: 36/36 MP: 5/5
   719 | D:1      | Reached skill level 3 in Axes & Hammers
   736 | D:1      | Reached XP level 5. HP: 42/42 MP: 6/6
   868 | D:2      | HP: 20/44 [acid (8)]
   869 | D:2      | HP: 8/44 [acid (7)]
   873 | D:1      | Reached skill level 2 in Armour
   873 | D:1      | Reached skill level 2 in Stealth
   873 | D:1      | Reached skill level 3 in Fighting
   874 | D:1      | Reached skill level 4 in Axes & Hammers
   874 | D:1      | Reached XP level 6. HP: 6/51 MP: 7/7
   931 | D:2      | Noticed Ijyb
   950 | D:1      | Reached skill level 2 in Spellcasting
   969 | D:1      | Killed Ijyb
   973 | D:1      | HP: 25/51 [sewer rat (4)]
  1092 | D:2      | Reached skill level 5 in Axes & Hammers
  1092 | D:2      | Reached skill level 3 in Armour
  1097 | D:2      | Found an ornate altar of the Wu Jian Council.
  1106 | D:2      | Reached XP level 7. HP: 54/58 MP: 9/9
  1155 | D:2      | Identified the +4 war axe "Spider's Nightmare" {molten,
                  | Str+3}
  1168 | D:2      | Noticed Prince Ribbit
  1173 | D:2      | Reached skill level 4 in Fighting
  1174 | D:2      | HP: 25/59 [bullfrog (9)]
  1177 | D:2      | Reached skill level 3 in Stealth
  1179 | D:2      | HP: 23/59 [Prince Ribbit (1)]
  1181 | D:2      | HP: 7/59 [Prince Ribbit (8)]
  1181 | D:2      | Killed Prince Ribbit
  1181 | D:2      | Reached skill level 6 in Axes & Hammers
  1325 | D:2      | Found a sacrificial altar of Ru.
  1394 | D:2      | Reached XP level 8. HP: 67/67 MP: 10/10
  1396 | D:2      | Reached skill level 4 in Armour
  1886 | D:2      | Reached skill level 5 in Fighting
  2105 | D:2      | Reached skill level 7 in Axes & Hammers
  2742 | D:3      | Reached skill level 3 in Spellcasting
  2749 | D:3      | Found a hide-covered altar of Uskayaw.
  2753 | D:3      | Noticed a dagger
  2753 | D:3      | Noticed a dagger
  3099 | D:4      | Reached skill level 4 in Stealth
  3269 | D:4      | Found a staircase to the Ecumenical Temple.
  3276 | Temple   | Entered the Ecumenical Temple
  3363 | Temple   | Became a worshipper of Makhleb the Destroyer
  3519 | D:4      | Noticed a wraith
  3527 | D:4      | Killed a wraith
  3527 | D:4      | Reached skill level 8 in Axes & Hammers
  3527 | D:4      | Reached skill level 5 in Armour
  3770 | D:5      | Entered Level 5 of the Dungeon
  3771 | D:5      | Reached XP level 9. HP: 75/75 MP: 12/12
  3774 | D:5      | Reached skill level 6 in Fighting
  3856 | D:5      | HP: 26/75 [wight/+3 falchion (13)]
  3861 | D:5      | HP: 18/75 [bullfrog (4)]
  3864 | D:5      | HP: 6/77 [acid (4)]
  3864 | D:5      | Splashed by a jelly's acid

Vanquished Creatures
  A wraith (D:4)
  Prince Ribbit (D:2)
  A phantom (D:4)
  A porcupine (D:5)
  A scorpion (D:3)
  Ijyb (D:1)
  A crocodile (D:2)
  2 big kobolds
  4 bullfrogs
  A centaur (D:5)
  3 wights (D:5)
  An orc priest (D:3)
  4 hounds
  2 jellies
  3 worker ants
  An iguana (D:5)
  7 giant cockroaches
  A bullfrog zombie (D:5)
  A bullfrog skeleton (D:3)
  A shadow imp (D:3)
  7 adders
  2 gnolls (D:1)
  48 sewer rats
  A white imp (D:3)
  5 cinder newts
  A worm (D:2)
  A howler monkey skeleton (D:3)
  3 oozes
  A dart slug (D:1)
  6 leopard geckos
  7 orcs
  2 adder skeletons
  4 ball pythons
  A cinder newt skeleton (D:2)
  7 goblins (D:1)
  A hobgoblin (D:1)
  3 jackals (D:4)
  13 kobolds
  A quokka (D:3)
  A ball python skeleton (D:2)
  5 bats (D:1)
  5 rats (D:1)
  11 withered plants (D:2)
174 creatures vanquished.

Vanquished Creatures (others)
  A slimehead (D:2)
  57 withered plants (D:2)
58 creatures vanquished.

Grand Total: 232 creatures vanquished

Table legend:
 A = Turns spent in this place as a percentage of turns spent in the entire game.
 B = Non-inter-level travel turns spent in this place as a percentage of non-inter-level travel turns spent in the entire game.
 C = Inter-level travel turns spent in this place as a percentage of turns spent in this place.
 D = Turns resting spent in this place as a percentage of non-inter-level travel turns spent in this place.
 E = Turns spent auto-exploring this place as a percentage of non-inter-level travel turns spent in this place.
 F = Non-inter-level travel turns spent in this place divided by the number of levels of this place that you've seen.
                   A       B       C       D       E      F
               +-------+-------+-------+-------+-------+----------------------
         Total | 100.0 | 100.0 |   8.6 |   3.7 |  76.6 | 504.6
       Dungeon |  94.3 |  95.4 |   7.5 |   3.9 |  76.7 | 674.2
        Temple |   3.8 |   2.4 |  41.1 |   0.0 |  96.5 |  86.0
        Market |   1.9 |   2.1 |   0.0 |   0.0 |  46.7 |  75.0
               +-------+-------+-------+-------+-------+----------------------
